 Dungeon Crawl Stone Soup version 0.27.1-34-g3ba077fa99 (webtiles) character file.

Game seed: 9127418132268316743

14 comborobin the Sneak (level 2, -3/26 HPs)
             Began as a Hill Orc Delver on Jan 6, 2022.
             Slain by an orc (4 damage)
             ... on level 4 of the Dungeon.
             The game lasted 00:00:51 (207 turns).

comborobin the Sneak (Hill Orc Delver)               Turns: 207, Time: 00:00:52

Health: -3/26      AC:  3    Str: 14    XL:     2   Next: 41%
Magic:  2/2        EV: 11    Int: 10    God:
Gold:   29         SH:  0    Dex: 12    Spells: 1/1 levels left

rFire    . . .     SeeInvis .   h - +0 broad axe
rCold    . . .     Faith    .   (no shield)
rNeg     . . .     Spirit   .   b - +0 leather armour
rPois    .         Reflect  .   (no helmet)
rElec    .         Harm     .   (no cloak)
rCorr    .         Rampage  .   (no gloves)
Will     .....                  (no boots)
Stlth    ++........             (no amulet)
HPRegen  0.08/turn              (no ring)
MPRegen  0.08/turn              (no ring)

@: hasted, very quick
A: no striking features
a: no special abilities


You were on level 4 of the Dungeon.
You visited 1 branch of the dungeon, and saw 3 of its levels.

You collected 29 gold pieces.

Inventory:

Hand Weapons
 a - a +0 hand axe
 h - a +0 broad axe (weapon)
Armour
 b - a +0 leather armour (worn)
Wands
 g - a wand of digging (3)
Scrolls
 c - a scroll of fog
Potions
 d - a potion of brilliance
 i - a potion of flight


   Skills:
 - Level 3.6 Fighting
 + Level 4.0 Axes
 - Level 1.5 Dodging
 - Level 4.1 Stealth


You had one spell level left.
You didn't know any spells.
Your spell library contained the following spells:

 Spells                   Type           Power      Damage    Failure   Level
 Animate Skeleton         Necr           0%         N/A       43%         1
 Apportation              Tloc           0%         N/A       43%         1
 Corona                   Hex            0%         N/A       43%         1
 Summon Small Mammal      Summ           0%         N/A       43%         1


Dungeon Overview and Level Annotations

Branches:
Dungeon (6/15)
 Temple: D:4-7

Altars:


Message History

Deactivating autopickup; reactivate with Ctrl-A.
The helpless goblin fails to defend itself.
You slash the goblin!
You kill the goblin!
No target in view!
No target in view!
No target in view!
Okay, then.
A puff of flame appears from out of thin air!
The puff of flame hits you!
You see here a potion of brilliance.
d - a potion of brilliance You aren't wearing any rings or amulets.
Unknown command.
Okay, then.
Okay, then.
You can't see any enemies this would affect, really read the scroll of fear? [Y]es or [N]o only, please.
You can't see any enemies this would affect, really read the scroll of fear?
As you read the scroll of fear, it crumbles to dust.
You assume a fearsome visage. 2 orcs come into view.
Found 17 gold pieces and 29 arrows.
The orc shouts!
The orc shouts!
The orc hits you with a +0 mace.
You closely miss the orc. The orc closely misses you.
You closely miss the orc. The orc closely misses you.
You closely miss the orc. x2; The orc hits you with a +0 mace.
The orc hits you with a +0 war axe.
* * * LOW HITPOINT WARNING * * *
You hit the orc but do no damage. You slash the orc!
You kill the orc!
The orc barely misses you. x2
Your Axes skill increases to level 4!
You barely miss the orc. The orc hits you with a +0 mace.
* * * LOW HITPOINT WARNING * * *
Okay, then.
You feel yourself speed up. The orc hits you with a +0 mace.
You die...

#......# ##......# #.#.#.#
#.......# #.#.#.# #...(...
#.#.#.# #....$.. #.#.#.#
#......#####.#.#.#
##.....)..........#
........#####.#...########
........o@.......>........
≈...###.###...#......#####
... ### #)..######.# .
≈≈≈≈≈≈≈≈##...#
####...######## #.#.# ###
########.#######
##≈≈≈≈≈≈≈.....
###≈≈≈≈≈≈≈≈.....


You could see an orc.

Vanquished Creatures
  An adder (D:4)
  An orc (D:4)
  A goblin (D:4)
  A hobgoblin (D:4)
4 creatures vanquished.

Notes
Turn   | Place    | Note
-------+----------+-------------------------------------------
     0 | D:5      | comborobin the Hill Orc Delver began the quest for the Orb.
     0 | D:5      | Reached XP level 1. HP: 19/19 MP: 1/1
   121 | D:4      | Reached XP level 2. HP: 23/26 MP: 2/2
   204 | D:4      | HP: 1/26 [orc (2)]
   207 | D:4      | Slain by an orc

Illustrated notes

Levels and vault maps discovered:
D:4:      layout_basic, tgw_kikubaaqudgha, portal_sewer_entry_e, serial_rivers,
          chequers_serial_rivers_large_a, chequers_serial_rivers_large_b,
          chequers_serial_rivers_marsh, chequers_serial_rivers_micro_b,
          hex_large, chequers_serial_rivers_micro_a, lemuel_another_geyser
D:5:      layout_gridville, pdpol_wu_jian_five_deadly_venoms,
          hangedman_feature_mirror, nrook_mini_backslash, minivault_14
D:6:      layout_loops_ring, marbit_many_paths, minmay_misc_feat_doors,
          uniq_prince_ribbit1

Skill      XL: |  1  2 |
---------------+-------+-----
Axes           | 3 4 |  4.0
Fighting       | |  3.6
Dodging        | |  1.5
Stealth        | |  4.1

Action                   || total
-------------------------++-------
Melee: Broad axe         ||    11
  Use: Potion            ||     4
       Scroll            ||     2
 Stab: Sleeping          ||     3
Dodge: Dodged            ||     8
